 Dungeon Sprint DCSS version 0.27-a0-1548-gf8a67e7463 (webtiles) character file.

Game seed: 11699129003813179346

226 mhtbhm the Blocker (level 5, -2/48 (52) HPs)
             Began as a Minotaur Fighter on July 13, 2021.
             Was an Initiate of Gozag.
             Slain by a wight (6 damage)
             ... while paralysed by a floating eye
             ... in the Dungeon (Sprint VII: "The Pits").
             The game lasted 00:00:51 (538 turns).

mhtbhm the Blocker (Minotaur Fighter)                Turns: 538, Time: 00:00:52

HP:   -2/48 (52)    AC: 11    Str: 22    XL:     5   Next: 69%
MP:   4/4           EV:  2    Int:  5    God:    Gozag
Gold: 495           SH:  0    Dex:  9    Spells: 4/4 levels left

rFire    . . .     SeeInvis .   a - +0 hand axe (vorpal)
rCold    . . .     Faith    .   c - +0 kite shield
rNeg     . . .     Spirit   .   b - +3 scale mail
rPois    .         Reflect  .   (helmet restricted)
rElec    .         Harm     .   (no cloak)
rCorr    .         Rampage  .   (no gloves)
Will     .....     NoTele   +   (no boots)
Stlth    ..........             (no amulet)
HPRegen  0.16/turn              (no ring)
MPRegen  0.09/turn              (no ring)

@: paralysed, drained
A: horns 2, retaliatory headbutt
a: Renounce Religion, Potion Petition, Call Merchant, Bribe Branch


You were in the Dungeon.
You worshipped Gozag.
Gozag was aware of your devotion.
You visited 1 branch You collected 495 gold pieces.

Inventory:

Hand Weapons
 a - a +0 vorpal hand axe (weapon)
Armour
 b - a +3 scale mail (worn)
 c - a +0 kite shield (worn)
Scrolls
 j - a scroll of blinking
 l - 5 scrolls of amnesia
 m - a scroll of summoning
Potions
 d - a potion of might
 e - 5 potions of curing
 f - 6 potions of heal wounds
 g - a potion of haste
 h - 4 potions of magic
 i - 3 potions of berserk rage
 k - 2 potions of invisibility


   Skills:
 + Level 7.3 Fighting
 + Level 6.2 Axes
 + Level 8.2 Armour
 + Level 2.2 Dodging
 + Level 8.8 Shields


You had 4 spell levels left.
You didn't know any spells.
Your spell library was empty.

Dungeon Overview and Level Annotations

Branches:
Dungeon (1/1)

Altars:
Ashenzari
Cheibriados
Dithmenos
Elyvilon
Fedhas
Gozag
Hepliaklqana
Kikubaaqudgha
Makhleb
Nemelex Xobeh
Okawaru
Qazlal
Ru
Sif Muna
Trog
Uskayaw
Vehumet
Wu Jian
Xom
Yredelemnul
Zin
The Shining One
Beogh
Jiyva
Lugonu


Innate Abilities, Weirdness & Mutations

You have a pair of horns on your head.
You reflexively headbutt those who attack you in melee.


Message History

You block the hound's attack.
The floating eye gazes piercingly through you!
You suddenly lose the ability to move!
The hound bites you but does no damage. The hound bites you.
The floating eye seems to glare at you.
You can move again.
You miss the hound. You headbutt the hound.
You kill the hound!
The water moccasin is no longer distracted by gold.
Your Axes skill increases to level 6!
Your Armour skill increases to level 8!
Unknown command.
You barely miss the wight. The wight barely misses you.
Unknown command.
You hit the wight.
The wight is moderately damaged.
You block the wight's attack. The wight hits you with a +0 battleaxe.
The water moccasin is distracted by your dazzling golden aura.
Unknown command.
The water moccasin hisses angrily.
You hit the wight.
The wight is severely damaged.
You block the wight's attack. The wight hits you with a +0 battleaxe.
You feel drained.
The floating eye gazes piercingly through you!
You suddenly lose the ability to move!
The wight hits you but does no damage. x2
The wight hits you from afar with a +0 spear.
You feel drained. The wight hits you with a +0 battleaxe!
* * * LOW HITPOINT WARNING * * *
You feel drained.
* * * LOW HITPOINT WARNING * * *
The floating eye's stare focuses on you.
The wight hits you but does no damage. The wight hits you with a +0 battleaxe.
* * * LOW HITPOINT WARNING * * *
You feel drained.
* * * LOW HITPOINT WARNING * * *
The wight hits you from afar with a +0 spear.
* * * LOW HITPOINT WARNING * * *
The wight hits you with a +0 battleaxe.
You die...
Your body crumbles into a pile of gold.

#.?(.))))'.##.....
##########.##.....
#..........)'.....
#'#####'#####.....
#.#..#...'.##.....
#.#..#...#.#####'#
#.#..#####.##.....
#.#..'...#.##.....
#@#..)...).##.....
#z#..########...<.
#z#..'.))).##.....
#z#..#.))[[##.....
#G###########.....
#S.# ###### #....
##.#.# ...GS


You could see a water moccasin, a floating eye (charged) and 3 wights.

Vanquished Creatures
  A centaur (D)
  A scorpion (D)
  A hound (D)
  An iron imp (D)
  2 gnolls (D)
  A river rat (D)
  A bat (D)
  An endoplasm (D)
  2 hobgoblins (D)
  A quokka (D)
12 creatures vanquished.

Notes
Turn   | Place    | Note
-------+----------+-------------------------------------------
     0 | D        | mhtbhm the Minotaur Fighter began the quest for the Orb.
     0 | D        | Reached XP level 1. HP: 19/19 MP: 0/0
    19 | D        | Reached XP level 2. HP: 13/28 MP: 1/1
   180 | D        | Found a bloodstained altar of Trog.
   180 | D        | Found a shimmering blue altar of Sif Muna.
   180 | D        | Found a viscous altar of Jiyva.
   180 | D        | Found a hazy altar of Hepliaklqana.
   180 | D        | Found an opulent altar of Gozag.
   181 | D        | Found a glowing golden altar of the Shining One.
   181 | D        | Found a glowing silver altar of Zin.
   181 | D        | Found a basalt altar of Yredelemnul.
   181 | D        | Found a shimmering altar of Xom.
   181 | D        | Found an ornate altar of the Wu Jian Council.
   181 | D        | Found a sacrificial altar of Ru.
   181 | D        | Found a stormy altar of Qazlal.
   181 | D        | Found an iron altar of Okawaru.
   181 | D        | Found a sparkling altar of Nemelex Xobeh.
   181 | D        | Found a burning altar of Makhleb.
   181 | D        | Found a blossoming altar of Fedhas.
   181 | D        | Found a white marble altar of Elyvilon.
   181 | D        | Found a shadowy altar of Dithmenos.
   181 | D        | Found a snail-covered altar of Cheibriados.
   184 | D        | Found a corrupted altar of Lugonu.
   184 | D        | Found a radiant altar of Vehumet.
   185 | D        | Found an ancient bone altar of Kikubaaqudgha.
   185 | D        | Found a hide-covered altar of Uskayaw.
   185 | D        | Found a broken altar of Ashenzari.
   188 | D        | Became a worshipper of Gozag Ym Sagoz the Greedy
   249 | D        | Reached skill level 5 in Fighting
   249 | D        | Reached skill level 5 in Armour
   249 | D        | Reached skill level 5 in Shields
   255 | D        | Reached XP level 3. HP: 30/36 MP: 2/2
   314 | D        | Noticed a scorpion
   314 | D        | Noticed a centaur
   322 | D        | Killed a scorpion
   323 | D        | Reached skill level 1 in Dodging
   323 | D        | Reached XP level 4. HP: 28/44 MP: 3/3
   326 | D        | Killed a centaur
   327 | D        | Reached skill level 5 in Axes
   327 | D        | Reached XP level 5. HP: 26/52 MP: 4/4
   510 | D        | Noticed a water moccasin
   511 | D        | Noticed a floating eye
   522 | D        | Paralysed by a floating eye for 3 turns
   530 | D        | Paralysed by a floating eye for 2 turns
   535 | D        | Paralysed by a floating eye for 4 turns
   538 | D        | Slain by a wight

Illustrated notes

Levels and vault maps discovered:
D:        pitsprint [storerooms_1, entrance_room_1, metal_vault_4, armoury_3,
          mini_pit_1, grid_room_1, main_hall_1, silver_pit, the_coven_1,
          the_vestibule_1, steel_vault_2, golden_pit, hallway_of_sentries,
          crystal_vault_4, iron_vault_1, final_vault]

Skill      XL: |  1  2  3  4  5 |
---------------+----------------+-----
Fighting       | 4 5 6 7 |  7.3
Armour         | 4 5 6 7 8 |  8.2
Shields        | 4 5 6 8 |  8.8
Axes           | 3 4 5 6 |  6.2
Dodging        | 1 2 |  2.2

Action                   |  1- 3 |  4- 6 || total
-------------------------+-------+-------++-------
Melee: War axe           |     6 |       ||     6
       Headbutt          |     3 |     2 ||     5
       Hand axe          |    21 |    19 ||    40
  Use: Potion            |     1 |       ||     1
Armor: Scale mail        |    13 |    10 ||    23
Dodge: Dodged            |     8 |     6 ||    14
Block: Kite shield       |    29 |    11 ||    40

Table legend: (Time is in decaauts)
 A = Elapsed time spent in this place.
 B = Non-inter-level travel time spent in this place.
 C = Inter-level travel time spent in this place.
 D = Time resting spent in this place.
 E = Time spent auto-exploring this place.
 F = Levels seen in this place.
 G = Mean time per level.
                   A        B        C        D        E       F      G
               +--------+--------+--------+--------+--------+-----+--------+
         Total |    550 |    550 |      0 |    205 |    140 |   1 |  550.0 |
       Dungeon |    550 |    550 |      0 |    205 |    140 |   1 |  550.0 |
               +--------+--------+--------+--------+--------+-----+--------+

Top non-repeatable levels by time:
       D: 550 daAuts
